cohdb
Replays
Latest Replays
All Replays
Popular Replays
Top Player Replays
Match Explorer
How It Works
Community
CoH3 Stats
Reddit
Sign in to upload your games and track your stats! →
Sign in with Steam
Match 45381268
Unlisted
Match 45381268
Overview
Messages
Build Orders
End
Construct Infanterie Kompanie
Selects Breakthrough Battlegroup
Selects Assault Grenadiers
MG 42 Machine Gun Team
Grenadier Squad
GrW 34 Mortar Team
Medical Station
Grenadier Squad
Selects Rapid Production
Construct Luftwaffe Kompanie
Support Elements
Marder III M Tank Destroyer
Pioneer Squad
Wirbelwind Flakpanzer
Luftwaffe Officer Quarters
MG 42 Bunker
Selects Blitzkrieg
Marder III M Tank Destroyer
MG 42 Bunker
Wirbelwind Flakpanzer
Pioneer Squad
Marder III M Tank Destroyer
Side Skirts
Wirbelwind Flakpanzer
Grenadier Squad
Marder III M Tank Destroyer
Marder III M Tank Destroyer
Selects Tiger Heavy Tank
Tiger Heavy Tank
Wirbelwind Flakpanzer
Marder III M Tank Destroyer
mustang
RED
comando_Zoé
1901090024
qorghvkdlxj3
RitraXP
好人
hahaha
0
0
Comments
sign in to comment!
No comments posted yet!